 Dungeon Crawl Stone Soup version 0.30.1 (webtiles) character file.

Game seed: 16960465969551573988

2535 Peloso the Carver (level 9, -5/79 HPs)
             Began as a Minotaur Fighter on July 8, 2023.
             Was a Follower of Okawaru.
             Slain by an orc warrior
             ... wielding a +0 halberd
              (17 damage)
             ... on level 8 of the Dungeon.
             The game lasted 00:11:47 (6467 turns).

Peloso the Carver (Minotaur Fighter)                Turns: 6467, Time: 00:11:48

Health: -5/79      AC:  9    Str: 23    XL:     9   Next: 30%
Magic:  8/8        EV: 14    Int:  5    God:    Okawaru [*.....]
Gold:   278        SH:  6    Dex: 17    Spells: 8/8 levels left

rFire   . . .        a - +1 long sword
rCold   + . .        d - +0 buckler
rNeg    . . .        b - +4 leather armour of the Blue Moon {rC+ Dex+5 Slay+3}
rPois   .            (helmet restricted)
rElec   .            (no cloak)
rCorr   .            (no gloves)
SInv    .            v - +0 pair of boots
Will    .....        (no amulet)
Stlth   ++           (no ring)
HPRegen 0.33/turn    (no ring)
MPRegen 0.11/turn

%: no passive effects
@: no status effects
A: horns 2, retaliatory headbutt
a: Renounce Religion, Heroism


You were on level 8 of the Dungeon.
You worshipped Okawaru.
Okawaru was aware of your devotion.
You visited 2 branches of the dungeon, and saw 9 of its levels.

You collected 278 gold pieces.

Inventory:

Hand Weapons
 a - a +1 long sword (weapon)
Missiles
 u - 3 throwing nets (quivered)
Armour
 b - the +4 leather armour of the Blue Moon (worn) {rC+ Dex+5 Slay+3}
   (You found it on level 4 of the Dungeon)

   Dex:       It affects your dexterity (+5).
   Slay:      It affects your accuracy & damage with ranged weapons and melee
   (+3).
   rC:        It protects you from cold.
 c - a +4 scale mail
 d - a +0 buckler (worn)
 v - a +0 pair of boots (worn)
Wands
 q - a wand of mindburst (12)
 r - a wand of charming (21)
Scrolls
 e - a scroll of amnesia
 g - a scroll of poison
 h - 3 scrolls of fog
 i - 2 scrolls of blinking
 l - 3 scrolls of enchant weapon
 n - a scroll of butterflies
 p - a scroll of magic mapping
 s - 5 scrolls of identify
 x - a scroll of teleportation {unknown}
Potions
 f - 2 potions of brilliance
 j - a potion of haste
 k - 4 potions of curing
 m - 2 potions of invisibility
 o - a potion of might
 t - a potion of mutation {unknown}
 w - a potion of flight {unknown}


   Skills:
 + Level 7.3 Fighting
 + Level 9.6 Long Blades
 + Level 6.5 Armour
 + Level 4.9 Dodging
 + Level 2.0 Stealth
 + Level 6.6 Shields


You had 8 spell levels left.
You didn't know any spells.
Your spell library contained the following spells:

 Spells                   Type           Power      Damage    Failure   Level
 Apportation              Tloc           0%         N/A       56%         1
 Freeze                   Ice            0%         1d3       56%         1
 Magic Dart               Conj           0%         1d3       56%         1
 Necrotise                Necr           0%         1d4       56%         1
 Searing Ray              Conj           0%         2d4       71%         2
 Frozen Ramparts          Ice            0%         1d1       91%         3
 Hailstorm                Conj/Ice       0%         3d3       91%         3
 Mephitic Cloud           Conj/Pois/Air  0%         N/A       91%         3
 Vampiric Draining        Necr           0%         2d6       91%         3
 Fulminant Prism          Conj/Hex       0%         3d5       100%        4
 Agony                    Necr           0%         N/A       100%        5
 Alistair's Intoxication  Tmut/Pois      0%         N/A       100%        5
 Summon Small Mammal      Summ           Unusable   N/A       N/A         1
 Call Imp                 Summ           Unusable   N/A       N/A         2

Dungeon Overview and Level Annotations

Branches:
Dungeon (8/15)             Temple (1/1) D:7
   Lair: D:8-11

Altars:
Ashenzari
Cheibriados
Dithmenos
Elyvilon
Fedhas
Gozag
Hepliaklqana
Kikubaaqudgha
Makhleb
Nemelex Xobeh
Okawaru
Ru
Sif Muna
Trog
Uskayaw
Vehumet
Wu Jian
Xom
Yredelemnul
Zin
The Shining One

Annotations:
D:4 3 runed translucent doors, 2 transporters, Graphine's ghost, amateur MfGl


Innate Abilities, Weirdness & Mutations

You have a pair of horns on your head.
You reflexively headbutt those who attack you in melee.


Message History

A wight, an orc warrior and an orc priest come into view.
The orc warrior shouts!
The orc priest shouts!
There is an open door here.
An orc comes into view. It is wielding a +0 club.
The orc shouts! x2
The orc throws a boomerang.
The boomerang closely misses you.
The orc priest looks satisfied for a moment.
The orc warrior closely misses you.
There is an open door here.
The orc throws a boomerang.
You block the boomerang.
The orc throws a boomerang.
The boomerang hits you.
The orc warrior hits you from afar with a +0 halberd.
The orc misses you. You furiously retaliate!
You headbutt the orc!
You kill the orc!
Okawaru accepts your kill. You block the orc warrior's attack.
Things that are here:
a +0 short sword; 2 boomerangs; an orc corpse You barely miss the orc warrior.
The orc warrior hits you with a +0 halberd!
You slash the orc warrior!
The orc warrior is moderately wounded.
The orc warrior hits you with a +0 halberd!
The orc priest invokes the aid of Beogh against you.
Beogh smites you!
You barely miss the orc warrior. You headbutt the orc warrior.
The orc warrior is moderately wounded.
You block the orc warrior's attack.
You slash the orc warrior!
The orc warrior is heavily wounded.
The orc warrior barely misses you. You furiously retaliate!
You headbutt the orc warrior! You barely miss the orc warrior.
The orc warrior is almost dead.
The orc warrior hits you with a +0 halberd!
* * * LOW HITPOINT WARNING * * *
You closely miss the orc warrior.
The orc warrior is almost dead.
The orc warrior hits you with a +0 halberd!
You die...

.......# #####
##.....#+##..$..
#...............
#..........z....
#...............
#.......o....#
........#z#####
##......#o#
#......#@#
#############.#
#.............#
##.##########.#
#.# ###
#.############
#.#..........#
#.#.########.#
#.#.#...)).#.#


You could see an orc warrior, a wight and an orc.

Vanquished Creatures
  Pikel (D:7)
  Grinder (D:6)
  2 water moccasins
  2 ice beasts
  2 phantoms (D:6)
  A gnoll sergeant (D:8)
  A kobold brigand (D:7)
  2 scorpions
  2 bullfrogs
  3 howler monkeys (D:7)
  4 hounds
  A gnoll bouda (D:4)
  2 jellies
  2 sleepcaps
  5 iguanas
  Terence (D:2)
  4 orc wizards
  Robin (D:3)
  12 gnolls
  6 adders
  A shadow imp (D:4)
  2 white imps (D:6)
  3 dart slugs
  3 worms
  13 orcs
  5 ball pythons
  6 bats
  14 endoplasms
  12 giant cockroaches
  11 goblins
  7 hobgoblins
  4 jackals (D:4)
  14 kobolds
  5 frilled lizards
  5 rats
160 creatures vanquished.

Vanquished Creatures (others)
  An orc wizard (D:7)
1 creature vanquished.

Grand Total: 161 creatures vanquished

Notes
Turn   | Place    | Note
-------+----------+-------------------------------------------
     0 | D:1      | Peloso the Minotaur Fighter began the quest for the Orb.
     0 | D:1      | Reached XP level 1. HP: 19/19 MP: 0/0
   236 | D:1      | Reached XP level 2. HP: 11/27 MP: 1/1
  1089 | D:2      | Found a faded altar of an unknown god.
  1160 | D:2      | Reached XP level 3. HP: 27/33 MP: 2/2
  1297 | D:2      | Noticed Terence
  1307 | D:2      | Killed Terence
  1308 | D:2      | Reached skill level 3 in Long Blades
  1525 | D:2      | Reached XP level 4. HP: 41/41 MP: 3/3
  1941 | D:3      | Noticed Robin
  1950 | D:3      | Killed Robin
  1953 | D:3      | Reached skill level 1 in Dodging
  2196 | D:3      | Reached XP level 5. HP: 47/47 MP: 4/4
  2479 | D:3      | Reached skill level 4 in Long Blades
  2485 | D:3      | Identified the orb of the Old World {light, *Slow Dex+6
                  | Stlth+}
  2820 | D:4      | Found a runed translucent gate.
  2820 | D:4      | Found a runed translucent gate.
  2820 | D:4      | Found a runed translucent gate.
  2821 | D:4      | Found an opulent altar of Gozag.
  2822 | D:4      | Noticed Graphine's ghost (amateur MfGl)
  2824 | D:4      | Noticed a black bear
  2833 | D:4      | Reached skill level 5 in Armour
  2872 | D:4      | Identified the +4 leather armour of the Blue Moon {rC+
                  | Dex+5 Slay+3}
  3024 | D:4      | Reached XP level 6. HP: 53/53 MP: 5/5
  3177 | D:4      | Identified the +1 ring mail of the Wasteland {Rampage}
  3234 | D:4      | Reached skill level 5 in Shields
  3259 | D:4      | Reached skill level 5 in Long Blades
  3657 | D:4      | Found a transporter.
  3737 | D:4      | Found a glowing golden altar of the Shining One.
  3738 | D:4      | Found a snail-covered altar of Cheibriados.
  3739 | D:4      | Found a bloodstained altar of Trog.
  3740 | D:4      | Found a shimmering blue altar of Sif Muna.
  3802 | D:4      | Found a transporter.
  3951 | D:5      | Entered Level 5 of the Dungeon
  4066 | D:5      | Noticed an ice beast
  4078 | D:5      | Killed an ice beast
  4079 | D:5      | Reached skill level 5 in Fighting
  4079 | D:5      | Reached XP level 7. HP: 61/61 MP: 6/6
  4327 | D:5      | Reached skill level 6 in Long Blades
  4743 | D:6      | Noticed Grinder
  4762 | D:6      | Killed Grinder
  4763 | D:6      | Reached skill level 1 in Stealth
  4877 | D:6      | Reached skill level 7 in Long Blades
  4888 | D:6      | Reached XP level 8. HP: 57/70 MP: 7/7
  5148 | D:6      | Reached skill level 8 in Long Blades
  5354 | D:7      | Found a staircase to the Ecumenical Temple.
  5364 | Temple   | Entered the Ecumenical Temple
  5434 | Temple   | Became a worshipper of Warmaster Okawaru
  5739 | D:7      | Found a shadowy altar of Dithmenos.
  5742 | D:7      | Found a hazy altar of Hepliaklqana.
  5919 | D:7      | Noticed Pikel
  5948 | D:7      | Killed Pikel
  5948 | D:7      | Reached * piety under Okawaru
  5949 | D:7      | Reached skill level 9 in Long Blades
  5949 | D:7      | Reached XP level 9. HP: 48/79 MP: 8/8
  6467 | D:8      | Slain by an orc warrior

Illustrated notes

Levels and vault maps discovered:
D:1:      heliophobic_arrival_enchanted_forest, layout_basic
D:2:      layout_rooms, hellmonk_ecumenical_altar_inner_sanctum, uniq_terence
D:3:      minmay_roachtagon, layout_basic, uniq_robin
D:4:      gammafunk_cloud_chamber, layout_loops_ring,
          mainiacjoe_overflow_alcove_3, ebering_ghost_gozag,
          kennysheep_generic_room_16
D:5:      layout_basic, minmay_a_box_with_orc_wizards_in_it
D:6:      layout_rooms, mumra_transporter_accident, mrwooster_statue_mirror,
          hangedman_minor_gate_pass, uniq_grinder
D:7:      layout_loops_cross, riverfiend_overflow_shadow_ancestor,
          minmay_temple_entry_trees, moated_statue, uniq_pikel
D:8:      layout_basic, uniq_grum, uniq_psyche
Temple:   eino_temple_rhombus

Skill      XL: |  1  2  3  4  5  6  7  8  9 |
---------------+----------------------------+-----
Shields        | 4 5 6 |  6.6
Armour         | 4 5 6 |  6.5
Fighting       | 4 5 7 |  7.3
Long Blades    | 3 4 5 7 9 |  9.6
Dodging        | 1 2 4 |  4.9
Stealth        | 1 2 |  2.0

Action                     |  1- 3 |  4- 6 |  7- 9 || total
---------------------------+-------+-------+-------++-------
  Melee: Long sword        |    97 |   170 |   159 ||   426
         Headbutt          |    17 |    35 |    37 ||    89
    Use: Scroll            |     4 |     5 |     3 ||    12
         Potion            |     4 |       |       ||     4
   Stab: Sleeping          |       |       |     1 ||     1
 Armour: Scale mail        |    66 |    64 |       ||   130
         Leather armour    |       |    16 |    42 ||    58
  Dodge: Dodged            |    41 |    92 |    97 ||   230
  Block: Buckler           |    28 |    53 |    45 ||   126
